 Dungeon Crawl Stone Soup version 0.29-a0-194-g6e3aafee17 (webtiles) character file.

Game seed: 9760092904752894602

2591 dolemite99 the Quickloader (level 9, -2/71 HPs)
             Began as a Gnoll Hunter on Feb 22, 2022.
             Was a Believer of Dithmenos.
             Killed from afar by a steam dragon (18 damage)
             ... with a ball of steam
             ... on level 7 of the Dungeon.
             The game lasted 00:12:28 (10160 turns).

dolemite99 the Quickloader (Gnoll Hunter)          Turns: 10160, Time: 00:12:28

Health: -2/71      AC: 13    Str: 14    XL:     9   Next: 58%
Magic:  15/15      EV: 11    Int: 10    God:    Dithmenos [**....]
Gold:   372        SH:  5    Dex: 15    Spells: 14/16 levels left

rFire   . . .      SeeInvis .   a - +1 hand crossbow
rCold   . . .      Faith    .   f - +0 buckler
rNeg    . . .      Spirit   .   D - +0 scale mail
rPois   .          Reflect  .   o - +2 helmet
rElec   .          Harm     .   r - +1 cloak
rCorr   .          Rampage  .   (no gloves)
Will    .....                   l - +0 pair of boots
Stlth   ++........              e - amulet of regeneration
HPRegen 1.01/turn               w - ring of wizardry
MPRegen 0.14/turn               (no ring)

@: wreathed by umbra, invisible
A: fangs 1, strong nose, distributed training
a: Renounce Religion, Shadow Step


You were on level 7 of the Dungeon.
You worshipped Dithmenos.
Dithmenos was pleased with you.
You visited 2 branches of the dungeon, and saw 8 of its levels.

You collected 372 gold pieces.

Inventory:

Hand Weapons
 a - a +1 hand crossbow (weapon)
 b - a +2 whip of electrocution
 c - a +6 halberd of freezing
 A - the +3 hunting sling "Abioh" {flame, rN++ MP-9 Int+4 SInv}
   (You found it on level 2 of the Dungeon)

   Any ammunition fired from it burns those it strikes, dealing additional fire
   damage.
   Int:       It affects your intelligence (+4).
   rN:        It greatly protects you from negative energy.
   MP:        It affects your magic capacity (-9).
   SInv:      It lets you see invisible.
 G - a +2 mace of holy wrath
Missiles
 i - 21 poisoned darts
 j - 5 silver boomerangs
 p - 256 stones (quivered)
 s - 3 javelins
 u - 2 throwing nets
Armour
 f - a +0 buckler (worn)
 l - a +0 pair of boots (worn)
 o - a +2 helmet (worn)
 r - a +1 cloak (worn)
 D - a +0 scale mail (worn)
Jewellery
 e - an amulet of regeneration (around neck)
 k - the ring of Plog {rN+ Will+ Str-2 Dex+3}
   (You found it on level 2 of the Dungeon)

   [ring of willpower]

   Str:       It affects your strength (-2).
   Dex:       It affects your dexterity (+3).
   rN:        It protects you from negative energy.
   Will:      It increases your willpower.
 w - a ring of wizardry (left hand)
 B - an amulet of the acrobat
Wands
 g - a wand of acid (5)
 x - a wand of digging (4)
 y - a wand of paralysis (13)
 C - a wand of mindburst (15)
Scrolls
 h - 4 scrolls of fear
 m - a scroll of teleportation
 t - a scroll of amnesia
 z - a scroll of fog
Potions
 d - a potion of ambrosia
 n - a potion of mutation


   Skills:
 + Level 6.4 Fighting
 + Level 4.4 Short Blades
 + Level 4.4 Long Blades
 + Level 4.4 Axes
 + Level 4.4 Maces & Flails
 + Level 4.4 Polearms
 + Level 4.4 Staves
 + Level 4.4 Slings
 + Level 4.4 Bows
 + Level 9.6 Crossbows
 + Level 4.4 Throwing
 + Level 4.4 Armour
 + Level 6.4 Dodging
 + Level 5.0 Stealth
 + Level 4.4 Shields
 + Level 4.4 Unarmed Combat
 + Level 4.4 Spellcasting
 + Level 3.6 Conjurations
 + Level 3.6 Hexes
 + Level 3.6 Summonings
 + Level 3.6 Necromancy
 + Level 3.6 Translocations
 + Level 3.6 Transmutations
 + Level 3.6 Fire Magic
 + Level 3.6 Ice Magic
 + Level 3.6 Air Magic
 + Level 3.6 Earth Magic
 + Level 3.6 Poison Magic
 + Level 4.8 Invocations
 + Level 4.4 Evocations


You had 14 spell levels left.
You knew the following spells:

 Your Spells              Type           Power      Damage    Failure   Level
a - Blink                 Tloc           18%        N/A       17%         2

Your spell library contained the following spells:

 Spells                   Type           Power      Damage    Failure   Level
 Sublimation of Blood     Necr           9%         N/A       17%         2
 Gell's Gravitas          Tloc           9%         N/A       32%         3
 Lesser Beckoning         Tloc           9%         N/A       32%         3
 Teleport Other           Tloc           9%         N/A       32%         3
 Petrify                  Tmut/Erth      9%         N/A       71%         4
 Irradiate                Conj/Tmut      4%         3d15      95%         5
 Iskenderun's Battlesphe  Conj           9%         2d6       95%         5
 Manifold Assault         Tloc           9%         N/A       95%         5
 Iron Shot                Conj/Erth      4%         9d2       100%        6
 Spellforged Servitor     Conj/Summ      4%         N/A       100%        7


Dungeon Overview and Level Annotations

Branches:
Dungeon (7/15)             Temple (1/1) D:6

Altars:
Dithmenos
Makhleb
Okawaru
Ru
Sif Muna
Trog
Uskayaw
Xom


Innate Abilities, Weirdness & Mutations

You have very sharp teeth.
Your uncanny sense of smell can sniff out nearby items.
Your experience applies equally to all skills.


Message History

The steam dragon breathes steam at you. The ball of steam hits you!
You are too injured to fight recklessly!
You are too injured to fight recklessly!
The steam dragon bites you. You block the steam dragon's attack.
Unknown command.
Shoot: a) +1 hand crossbow
Press: ? - help, Shift-Dir - straight line, f/p - steam dragon
Aim: a steam dragon (heavily wounded, umbra)
You shoot a bolt. The bolt hits the steam dragon.
The steam dragon is severely wounded.
The steam dragon breathes steam at you. The ball of steam misses you.
The steam dragon breathes steam at you. The ball of steam hits you!!
* * * LOW HITPOINT WARNING * * *
You are engulfed in a cloud of scalding steam.
The steam dragon bites you but does no damage.
The steam dragon claws you.
* * * LOW HITPOINT WARNING * * *
Shoot: a) +1 hand crossbow
Press: ? - help, Shift-Dir - straight line, f/p - steam dragon
Aim: a steam dragon (steam, severely wounded, catching its breath, umbra)
You shoot a bolt.
The bolt hits the steam dragon but does no damage.
The steam dragon is severely wounded.
The steam dragon bites you but does no damage.
You block the steam dragon's attack.
You fade into invisibility!
The steam dragon bites you.
* * * LOW HITPOINT WARNING * * *
The steam dragon barely misses you.
Shoot: a) +1 hand crossbow
Press: ? - help, Shift-Dir - straight line, f/p - steam dragon
Aim: a steam dragon (severely wounded, umbra)
You shoot a bolt. The bolt hits the steam dragon.
The steam dragon is almost dead.
The steam dragon breathes steam at you. The ball of steam hits you!!
You die...

#..#.#.#.#.#..#..............
#..........#..#..............
##.#.#.#.#.#..#..............
#.........+..#.......#######
#.#.#.#.#....#.......#......
#............#.......#......
#.#.#.#.#....#########......
#.........D.........##....##
##.###....#@.##.....##+#####
#......§.#..##......#......
#####....#..##.....##......
#....'..##.....##...### ##
#....#...#.....########
..##..#....#..##.....#.....'.
....§.'....#..##.....'.....#.
...D..#....+.........##...###
......#....#..##.....######


You could see a steam dragon (catching breath).

Vanquished Creatures
  Pikel (D:5)
  Prince Ribbit (D:5)
  Sigmund (D:2)
  Eustachio (D:4)
  A necrophage (D:6)
  A centaur (D:6)
  An ogre (D:6)
  A phantom (D:4)
  2 lemures (D:5)
  A kobold brigand (D:6)
  A bullfrog (D:6)
  A wyvern zombie (D:7)
  2 scorpions (D:4)
  A water moccasin skeleton (D:5)
  A howler monkey (D:6)
  3 wights (D:6)
  2 hounds
  4 jellies
  3 bullfrog skeletons
  Crazy Yiuf (D:6)
  An orc priest (D:3)
  Ijyb (D:3)
  Natasha (thrice) (D:4)
  4 iguanas
  A hound skeleton (D:4)
  A howler monkey zombie (D:7)
  A howler monkey skeleton (D:7)
  9 gnolls
  5 adders
  An ufetubus (D:6)
  An adder skeleton (D:4)
  2 worms
  2 dart slugs
  12 orcs
  11 endoplasms
  3 giant cockroaches
  6 goblins
  11 hobgoblins
  12 jackals
  3 quokkas
  10 ball pythons
  6 bats
  3 frilled lizards
  8 kobolds
  3 rats
150 creatures vanquished.

Vanquished Creatures (others)
  A fungus (D:3)
  7 plants (D:1)
8 creatures vanquished.

Grand Total: 158 creatures vanquished

Notes
Turn   | Place    | Note
-------+----------+-------------------------------------------
     0 | D:1      | dolemite99 the Gnoll Hunter began the quest for the Orb.
     0 | D:1      | Reached XP level 1. HP: 20/20 MP: 1/1
   168 | D:1      | Reached XP level 2. HP: 26/26 MP: 2/2
   442 | D:1      | Reached XP level 3. HP: 31/31 MP: 3/3
   597 | D:1      | Reached skill level 1 in Invocations
  1212 | D:2      | Noticed Sigmund
  1224 | D:2      | Killed Sigmund
  1225 | D:2      | Reached skill level 1 in Short Blades
  1225 | D:2      | Reached skill level 1 in Long Blades
  1225 | D:2      | Reached skill level 1 in Axes
  1225 | D:2      | Reached skill level 1 in Maces & Flails
  1225 | D:2      | Reached skill level 1 in Polearms
  1225 | D:2      | Reached skill level 1 in Staves
  1225 | D:2      | Reached skill level 1 in Slings
  1225 | D:2      | Reached skill level 1 in Bows
  1225 | D:2      | Reached skill level 1 in Throwing
  1225 | D:2      | Reached skill level 1 in Armour
  1225 | D:2      | Reached skill level 1 in Shields
  1225 | D:2      | Reached skill level 1 in Unarmed Combat
  1225 | D:2      | Reached skill level 1 in Spellcasting
  1225 | D:2      | Reached skill level 1 in Conjurations
  1225 | D:2      | Reached skill level 1 in Hexes
  1225 | D:2      | Reached skill level 1 in Summonings
  1225 | D:2      | Reached skill level 1 in Necromancy
  1225 | D:2      | Reached skill level 1 in Translocations
  1225 | D:2      | Reached skill level 1 in Transmutations
  1225 | D:2      | Reached skill level 1 in Fire Magic
  1225 | D:2      | Reached skill level 1 in Ice Magic
  1225 | D:2      | Reached skill level 1 in Air Magic
  1225 | D:2      | Reached skill level 1 in Earth Magic
  1225 | D:2      | Reached skill level 1 in Poison Magic
  1225 | D:2      | Reached skill level 1 in Evocations
  1225 | D:2      | Reached XP level 4. HP: 19/38 MP: 4/6
  1225 | D:2      | Reached XP level 5. HP: 21/43 MP: 4/7
  1432 | D:2      | Reached XP level 6. HP: 50/50 MP: 8/8
  1985 | D:2      | Identified the +3 hunting sling "Abioh" {flame, rN++ MP-9
                  | Int+4 SInv}
  1985 | D:2      | Identified the ring of Plog {rN+ Will+ Str-2 Dex+3}
  2461 | D:3      | Found a faded altar of an unknown god.
  2652 | D:3      | Reached skill level 5 in Fighting
  2652 | D:3      | Reached skill level 5 in Dodging
  2992 | D:3      | Noticed Ijyb
  3017 | D:3      | Killed Ijyb
  3812 | D:3      | Prayed at the altar of an unknown god.
  3812 | D:3      | Became a worshipper of Dithmenos the Shadowed
  3812 | D:3      | Reached * piety under Dithmenos
  4138 | D:4      | Reached XP level 7. HP: 31/56 MP: 10/10
  4325 | D:4      | Noticed Eustachio
  4335 | D:4      | Killed Eustachio
  4336 | D:4      | Reached skill level 9 in Crossbows
  4379 | D:4      | Noticed Natasha
  4383 | D:4      | Killed Natasha
  4588 | D:4      | Noticed Natasha
  4592 | D:4      | Killed Natasha
  4855 | D:4      | Noticed Natasha
  4859 | D:4      | Killed Natasha
  4959 | D:4      | Reached XP level 8. HP: 63/63 MP: 12/12
  5094 | D:5      | Entered Level 5 of the Dungeon
  5503 | D:5      | Noticed Pikel
  5720 | D:5      | Killed Pikel
  5758 | D:5      | Noticed Prince Ribbit
  5776 | D:5      | Killed Prince Ribbit
  5777 | D:5      | Reached XP level 9. HP: 47/69 MP: 14/14
  6584 | D:6      | Found a sacrificial altar of Ru.
  6584 | D:6      | Found a shadowy altar of Dithmenos.
  6584 | D:6      | Found a bloodstained altar of Trog.
  6584 | D:6      | Found a burning altar of Makhleb.
  6584 | D:6      | Found a staircase to the Ecumenical Temple.
  6841 | D:6      | Reached ** piety under Dithmenos
  7571 | Temple   | Entered the Ecumenical Temple
  9291 | D:6      | Found a runed translucent door.
  9292 | D:6      | Noticed Crazy Yiuf
  9296 | D:6      | Killed Crazy Yiuf
  9657 | D:6      | Reached skill level 5 in Stealth
  9824 | D:7      | Learned a level 2 spell: Blink
 10160 | D:7      | Killed from afar by a steam dragon

Illustrated notes

Levels and vault maps discovered:
D:1:      lightli_arrival_windingriver, layout_loops_ring
D:2:      layout_loops_ring, minmay_misc_feat_rows, uniq_sigmund
D:3:      layout_rooms, shapermc_ecumenical_altar_ellora, uniq_ijyb
D:4:      layout_loops_ring, uniq_natasha, uniq_eustachio
D:5:      layout_loops_ring, chequers_mini_garden, uniq_pikel,
          uniq_prince_ribbit1
D:6:      layout_layer_cave, chequers_temple_overflow_statue_of_worship,
          minmay_temple_entry_grid, minmay_misc_feat_enclosed,
          grunt_ministairs_5, uniq_crazy_yiuf_cottage
D:7:      layout_gridville, serial_glass, glass_columns_c, glass_columns_b,
          uniq_menkaure
Temple:   eino_temple_rhombus

Skill      XL: |  1  2  3  4  5  6  7  8  9 |
---------------+----------------------------+-----
Invocations    | 1 2 3 4 |  4.8
Short Blades   | 1 2 3 4 |  4.4
Long Blades    | 1 2 3 4 |  4.4
Axes           | 1 2 3 4 |  4.4
Maces & Flails | 1 2 3 4 |  4.4
Polearms       | 1 2 3 4 |  4.4
Staves         | 1 2 3 4 |  4.4
Slings         | 1 2 3 4 |  4.4
Bows           | 1 2 3 4 |  4.4
Throwing       | 1 2 3 4 |  4.4
Armour         | 1 2 3 4 |  4.4
Shields        | 1 2 3 4 |  4.4
Unarmed Combat | 1 2 3 4 |  4.4
Spellcasting   | 1 2 3 4 |  4.4
Conjurations   | 1 2 3 |  3.6
Hexes          | 1 2 3 |  3.6
Summonings     | 1 2 3 |  3.6
Necromancy     | 1 2 3 |  3.6
Translocations | 1 2 3 |  3.6
Transmutations | 1 2 3 |  3.6
Fire Magic     | 1 2 3 |  3.6
Ice Magic      | 1 2 3 |  3.6
Air Magic      | 1 2 3 |  3.6
Earth Magic    | 1 2 3 |  3.6
Poison Magic   | 1 2 3 |  3.6
Evocations     | 1 2 3 4 |  4.4
Stealth        | 3 4 5 |  5.0
Fighting       | 5 6 |  6.4
Dodging        | 5 6 |  6.4
Crossbows      | 9 |  9.6

Action                   |  1- 3 |  4- 6 |  7- 9 || total
-------------------------+-------+-------+-------++-------
Melee: Whip              |       |       |     5 ||     5
       Bite              |       |       |     2 ||     2
 Fire: Hand crossbow     |    99 |   129 |   270 ||   498
       Hunting sling     |       |    55 |       ||    55
Throw: Stone             |     2 |     3 |    10 ||    15
 Cast: Blink             |       |       |     1 ||     1
Evoke: Wand              |       |       |     4 ||     4
  Use: Scroll            |       |     8 |     8 ||    16
       Potion            |       |     2 |     3 ||     5
Armor: Ring mail         |     6 |    30 |    11 ||    47
       Chain mail        |    28 |       |       ||    28
       Scale mail        |       |       |    37 ||    37
Dodge: Dodged            |    22 |    50 |   146 ||   218
Block: Buckler           |     9 |     8 |    42 ||    59

Table legend: (Time is in decaauts)
 A = Elapsed time spent in this place.
 B = Non-inter-level travel time spent in this place.
 C = Inter-level travel time spent in this place.
 D = Time resting spent in this place.
 E = Time spent auto-exploring this place.
 F = Levels seen in this place.
 G = Mean time per level.
                   A        B        C        D        E       F      G
               +--------+--------+--------+--------+--------+-----+--------+
         Total |  10341 |   9645 |    696 |   3548 |   4415 |   8 | 1292.6 |
       Dungeon |   9813 |   9117 |    696 |   3021 |   4415 |   7 | 1401.9 |
        Temple |    528 |    528 |      0 |    527 |      0 |   1 |  528.0 |
               +--------+--------+--------+--------+--------+-----+--------+

Top non-repeatable levels by time:
     D:6: 2539 daAuts
     D:3: 1701 daAuts
     D:5: 1522 daAuts
     D:4: 1310 daAuts
     D:1: 1246 daAuts
     D:2: 1077 daAuts
  Temple: 528 daAuts
     D:7: 415 daAuts
